 Dungeon Crawl Stone Soup version 0.19.5 (webtiles) character file.

86 Peloso the Covered (level 4, -14/40 HPs)
             Began as a Minotaur Fighter on Apr 17, 2017.
             Demolished by an orc warrior
             ... wielding a +0 long sword
              (23 damage)
             ... on level 3 of the Dungeon.
             The game lasted 00:02:39 (1170 turns).

Peloso the Covered (Minotaur Fighter)               Turns: 1170, Time: 00:02:40

Health: -14/40     AC:  8    Str: 26    XL:     4   Next: 26%
Magic:  3/3        EV:  8    Int:  5    God:
Gold:   113        SH: 11    Dex: 10    Spells: 0 memorised, 3 levels left

rFire  . . .     SeeInvis .     a - +0 long sword
rCold  . . .     Gourm    .     b - +0 scale mail
rNeg   . . .     Faith    .     c - +1 shield
rPois  .         Spirit   .     (helmet restricted)
rElec  .         Reflect  .     i - +0 cloak
rCorr  .         Harm     .     (no gloves)
MR     .....                    (no boots)
Stlth  ..........               (no amulet)
                                (no ring)
                                (no ring)

@: mighty
A: retaliatory headbutt, horns 2
a: no special abilities


You were on level 3 of the Dungeon.
You were not hungry.

You visited 1 branch of the dungeon, and saw 3 of its levels.

You collected 113 gold pieces.

Inventory:

Hand Weapons
 a - a +0 long sword (weapon)
 h - a cursed -3 mace
Armour
 b - a +0 scale mail (worn)
 c - a +1 shield (worn)
 i - a +0 cloak (worn)
Scrolls
 g - 2 scrolls of teleportation
 l - 4 scrolls of remove curse
 m - a scroll of amnesia {unknown}
 r - a scroll of identify {unknown}
 s - a scroll of blinking {unknown}
Potions
 e - 2 potions of ambrosia {unknown}
 n - a potion of haste
 o - a potion of resistance {unknown}
 p - a potion of beneficial mutation {unknown}
 q - a potion of brilliance {unknown}
Comestibles
 f - a bread ration
 j - 5 fruits
 k - a beef jerky


   Skills:
 + Level 4.1 Fighting
 + Level 3.3 Long Blades
 + Level 4.4 Armour
 + Level 0.9 Dodging
 + Level 4.4 Shields


You had 3 spell levels left.
You didn't know any spells.

Dungeon Overview and Level Annotations

Branches:
Dungeon (3/15)

Altars:
Uskayaw


Innate Abilities, Weirdness & Mutations

You reflexively headbutt those who attack you in melee.
You have a pair of horns on your head.


Message History

The orc warrior is lightly wounded.
You block the orc warrior's attack.
The orc wizard looks braver for a moment.
You slash the orc warrior!
The orc warrior is moderately wounded.
You block the orc warrior's attack.
The orc wizard miscasts a cantrip.
You slash the orc warrior! Your headbutt misses the orc warrior.
The orc warrior is severely wounded.
You block the orc warrior's attack.
You hit the orc warrior but do no damage.
Your headbutt misses the orc warrior.
The orc warrior is severely wounded.
You block the orc warrior's attack.
The orc wizard looks braver for a moment.
You barely miss the orc warrior. You headbutt the orc warrior!
The orc warrior is almost dead.
The orc warrior hits you with a long sword!!
Ouch! That really hurt!
You die...

#.......'.........+......
####...####.........####...
#.......# ##.......## ##.#
#.###.#.# ##.....## ### #
#.#.# ##.[.## # #.#.##
##+## #....# # ###..#####
.# #...@oo##.##
.#####..###o#...##
.)$..........)...#
####.##.##..#...## #.
#.....##.## # #.#...# .#
........ . ##.....# ##
#######


You could see an orc warrior, an orc wizard and an orc.

Vanquished Creatures
  4 adders (D:2)
  4 worms (D:2)
  2 dart slugs (D:1)
  3 leopard geckos
  An orc (D:3)
  6 bats
  2 giant cockroaches (D:2)
  A hobgoblin (D:1)
  2 ball pythons (D:2)
  2 frilled lizards (D:1)
  5 kobolds
  4 rats
36 creatures vanquished.

Notes
Turn   | Place    | Note
-------+----------+-------------------------------------------
     0 | D:1      | Peloso the Minotaur Fighter began the quest for the Orb.
     0 | D:1      | Reached XP level 1. HP: 19/19 MP: 0/0
   167 | D:1      | Reached XP level 2. HP: 27/27 MP: 1/1
   515 | D:2      | Reached XP level 3. HP: 29/33 MP: 2/2
   637 | D:2      | Found a hide-covered altar of Uskayaw.
   776 | D:2      | Reached XP level 4. HP: 32/40 MP: 3/3
  1157 | D:3      | Noticed an orc warrior
  1170 | D:3      | Demolished by an orc warrior

Skill      XL: |  1  2  3 |
---------------+----------+-----
Armour         | 4 |  4.4
Fighting       | 4 |  4.1
Shields        | 4 |  4.4
Long Blades    | 3 |  3.3
Dodging        | |  0.9

Action                   |  1- 3 |  4- 6 || total
-------------------------+-------+-------++-------
Melee: Long sword        |    87 |    17 ||   104
       Headbutt          |    12 |     2 ||    14
  Use: Scroll            |     1 |     3 ||     4
       Potion            |     1 |     1 ||     2
  Eat: Chunk             |       |     1 ||     1
Armor: Scale mail        |    35 |     3 ||    38
Dodge: Dodged            |    27 |     6 ||    33
Block: Shield            |    54 |     9 ||    63
       Rpst.: Long sword |     2 |     2 ||     4
